 Dungeon Crawl Stone Soup version 0.29-a0-563-g64e4043184 (webtiles) character file.

Game seed: 18154844960643939997

354 dolemite99 the Basher (level 7, -20/55 HPs)
             Began as a Meteoran Gladiator on June 12, 2022.
             Was an Initiate of Gozag.
             Demolished by a two-headed ogre
             ... wielding a +0 giant club
              (23 damage)
             ... on level 6 of the Dungeon.
             The game lasted 00:07:48 (3004 turns).

dolemite99 the Basher (Meteoran Gladiator)          Turns: 3004, Time: 00:07:49

Health: -20/55     AC:  9    Str: 17    XL:     7   Next: 17%
Magic:  8/8        EV: 11    Int: 10    God:    Gozag
Gold:   268        SH:  0    Dex: 16    Spells: 6/6 levels left

rFire   . . .      SeeInvis +   a - +2 eveningstar (freeze)
rCold   . . .      Faith    .   (no shield)
rNeg    . . .      Spirit   .   i - +0 scale mail
rPois   .          Reflect  .   c - +1 helmet
rElec   .          Harm     .   (no cloak)
rCorr   .          Rampage  .   h - +0 pair of gloves
Will    .....                   (no boots)
Stlth   ..........              (no amulet)
HPRegen 0.18/turn               o - ring of see invisible
MPRegen 0.11/turn               (no ring)

@: hasted, glowing, very quick
A: sense surroundings 1, otherworldly, glowing, explore regen
a: Renounce Religion, Potion Petition, Call Merchant, Bribe Branch


You were on level 6 of the Dungeon.
You worshipped Gozag.
Gozag was aware of your devotion.
You visited 1 branch of the dungeon, and saw 6 of its levels.

You collected 597 gold pieces.
You spent 294 gold pieces at shops.
You paid 35 gold pieces to Gozag.

Inventory:

Hand Weapons
 a - a +2 eveningstar of freezing (weapon)
 b - the +6 hunting sling "Cabu" {freeze, rCorr Int+3 Dex+7}
   (You found it on level 6 of the Dungeon)

   Any ammunition fired from it freezes those it strikes, dealing additional
   cold damage.
   It can also slow down cold-blooded creatures.
   Int:       It affects your intelligence (+3).
   Dex:       It affects your dexterity (+7).
   rCorr:     It protects you from acid and corrosion.
 f - a +0 flail
 j - a +0 short sword of venom
 l - the +11 hand axe "Utummu" {flame, *Noise rF- rCorr Int+9}
   (You found it on level 3 of the Dungeon)

   It burns those it strikes, dealing additional fire damage.
   Big, fiery blades are also staple armaments of hydra-hunters.
   Int:       It affects your intelligence (+9).
   rF:        It makes you vulnerable to fire.
   *Noise:    It may make noises in combat.
   rCorr:     It protects you from acid and corrosion.
Missiles
 d - 3 throwing nets (quivered)
 e - a javelin
 k - 89 stones
 n - 10 poisoned darts
 u - 3 boomerangs
 w - 6 silver boomerangs
Armour
 c - a +1 helmet (worn)
 h - a +0 pair of gloves (worn)
 i - a +0 scale mail (worn)
 x - a +0 leather armour
Jewellery
 o - a ring of see invisible (left hand)
Wands
 m - a wand of flame (19)
Scrolls
 g - a scroll of immolation
 y - 3 scrolls of summoning {unknown}
Potions
 p - 2 potions of attraction
 q - a potion of haste
 s - 2 potions of curing
 t - a potion of lignification {unknown}
 v - a potion of mutation {unknown}


   Skills:
 - Level 2.1 Fighting
 - Level 9.5 Maces & Flails
 + Level 0.1(1.3) Slings
 - Level 2.4 Throwing
 - Level 3.6 Dodging


You had 6 spell levels left.
You didn't know any spells.
Your spell library contained the following spells:

 Spells                   Type           Power      Damage    Failure   Level
 Apportation              Tloc           0%         N/A       80%         1
 Beastly Appendage        Tmut           0%         N/A       80%         1
 Blink                    Tloc           0%         N/A       91%         2
 Wereblood                Tmut           0%         N/A       91%         2
 Confusing Touch          Hex            0%         N/A       99%         3
 Ignite Poison            Fire/Tmut/Pois 0%         N/A       99%         3
 Mephitic Cloud           Conj/Pois/Air  0%         N/A       99%         3
 Spider Form              Tmut/Pois      0%         N/A       99%         3
 Alistair's Intoxication  Tmut/Pois      0%         N/A       100%        5
 Freezing Cloud           Conj/Ice/Air   0%         6-21      100%        5
 Manifold Assault         Tloc           0%         N/A       100%        5
 Yara's Violent Unravell  Hex/Tmut       0%         3d3       100%        5
 Enfeeble                 Hex            0%         N/A       100%        7
 Storm Form               Tmut/Air       0%         N/A       100%        7


Dungeon Overview and Level Annotations

Branches:
Dungeon (6/15)
 Temple: D:4-7

Altars:
Gozag
Okawaru
Qazlal
Ru
Uskayaw

Shops:
D:1 *=!!   D:5 (

Annotations:
D:4 1 runed translucent door


Innate Abilities, Weirdness & Mutations

You passively map a small area around you.
You are easily found by Zot.
You glow in the dark.
You regain HP and MP as you explore.


Message History

You hear the brisk rusting of a drain nearby.
There is an open door here.
You now have 268 gold pieces (gained 3).
Things that are here:
a +0 short sword; a +0 ring mail No target in view!
No target in view!
No target in view!
A two-headed ogre comes into view.
It is wielding a +0 giant club and a +0 giant spiked club.
The two-headed ogre shouts in stereo!
The +6 hunting sling "Cabu" {freeze, rCorr Int+3 Dex+7} stops glowing.
Your +2 eveningstar of freezing glows with a cold blue light!
a - a +2 eveningstar of freezing (weapon)
You feel yourself speed up.
The two-headed ogre hits you with a +0 giant club!
The two-headed ogre hits you with a +0 giant spiked club!!
You puncture the two-headed ogre! You freeze the two-headed ogre.
The two-headed ogre is lightly wounded.
Okay, then.
You closely miss the two-headed ogre.
The two-headed ogre is lightly wounded.
The two-headed ogre completely misses you.
The two-headed ogre misses you.
You barely miss the two-headed ogre.
The two-headed ogre is lightly wounded.
Okay, then.
You feel much better.
You sock the two-headed ogre! You freeze the two-headed ogre.
The two-headed ogre is heavily wounded.
The two-headed ogre barely misses you.
The two-headed ogre hits you with a +0 giant spiked club!
You puncture the two-headed ogre! You freeze the two-headed ogre.
The two-headed ogre is severely wounded.
You hit the two-headed ogre. You freeze the two-headed ogre.
The two-headed ogre is severely wounded.
The two-headed ogre hits you with a +0 giant club!!
* * * LOW HITPOINT WARNING * * *
The two-headed ogre hits you with a +0 giant spiked club!!
You die...
Your body crumbles into a pile of gold.

## * ### ,, #.
,,..# . #. #.# ,
#...##.#####.# ,*
#.....O@.##.##
#....#.##.##..##
..# ,#. #.##...## ,
#.##.......###### *
#........)....... *
,
,########.########*
* * ,, #.# * * *
#.# * ##'## ,


You could see a two-headed ogre.

Vanquished Creatures
  A bullfrog (D:3)
  A necrophage (D:5)
  An orc priest (D:6)
  A hound (D:5)
  2 orc wizards
  2 adders
  3 worms
  3 dart slugs
  15 orcs
  5 ball pythons
  5 endoplasms
  6 goblins
  4 hobgoblins
  8 jackals (D:1)
  6 kobolds
  2 quokkas
  3 bats
  5 frilled lizards
  7 rats
80 creatures vanquished.

Vanquished Creatures (others)
  3 plants
3 creatures vanquished.

Grand Total: 83 creatures vanquished

Notes
Turn   | Place    | Note
-------+----------+-------------------------------------------
     0 | D:1      | dolemite99 the Meteoran Gladiator began the quest for the
                  | Orb.
     0 | D:1      | Reached XP level 1. HP: 17/17 MP: 2/2
    26 | D:1      | Found Ychiuj's General Store.
    92 | D:1      | Reached XP level 2. HP: 9/24 MP: 3/3
   129 | D:1      | Reached skill level 5 in Maces & Flails
   179 | D:1      | Found Geog's Distillery.
   183 | D:2      | Found an opulent altar of Gozag.
   270 | D:2      | Reached XP level 3. HP: 26/29 MP: 4/4
   312 | D:2      | Became a worshipper of Gozag Ym Sagoz the Greedy
   691 | D:4      | Found a runed translucent door.
   716 | D:4      | Noticed a bullfrog
   728 | D:3      | Killed a bullfrog
   729 | D:3      | Reached skill level 7 in Maces & Flails
   729 | D:3      | Reached XP level 4. HP: 14/36 MP: 5/5
   729 | D:3      | Reached XP level 5. HP: 16/41 MP: 6/6
   914 | D:3      | Found an iron altar of Okawaru.
   928 | D:3      | Identified the +11 hand axe "Utummu" {flame, *Noise rF-
                  | rCorr Int+9}
  1199 | D:1      | Found Tapiegg's Jewellery Emporium.
  1341 | D:1      | Bought a potion of attraction for 33 gold pieces
  1341 | D:1      | Bought a potion of haste for 110 gold pieces
  1341 | D:1      | Bought a potion of heal wounds for 55 gold pieces
  1341 | D:1      | Bought a potion of curing for 33 gold pieces
  1381 | D:1      | Found Zotzim's Distillery.
  1409 | D:1      | Bought a potion of curing for 42 gold pieces
  1825 | D:3      | Found a stormy altar of Qazlal.
  1825 | D:3      | Found a hide-covered altar of Uskayaw.
  2135 | D:3      | Identified a scroll of acquirement
  2135 | D:3      | Acquired a +2 eveningstar of freezing
  2252 | D:4      | Found a sacrificial altar of Ru.
  2286 | D:4      | Glimpsed the power of Zot.
  2310 | D:5      | Entered Level 5 of the Dungeon
  2350 | D:5      | Reached skill level 8 in Maces & Flails
  2350 | D:5      | Reached XP level 6. HP: 43/48 MP: 7/7
  2359 | D:5      | Found Emota's Weapon Boutique.
  2380 | D:5      | Bought 3 boomerangs for 21 gold pieces
  2538 | D:5      | Reached skill level 9 in Maces & Flails
  2771 | D:6      | Reached XP level 7. HP: 44/55 MP: 8/8
  2902 | D:6      | Identified the +6 hunting sling "Cabu" {freeze, rCorr Int+3
                  | Dex+7}
  2994 | D:6      | Noticed a two-headed ogre
  3004 | D:6      | Demolished by a two-headed ogre

Illustrated notes

Levels and vault maps discovered:
D:1:      psy_arrival_conway, layout_loops_ring, serial_forest,
          infiniplex_forest_clump_tiny, infiniplex_forest_lined_ring,
          infiniplex_forest_lined_ring, infiniplex_forest_straight_3,
          infiniplex_forest_lined_2, serial_shops, nicolae_shop_hallway_stairs,
          nicolae_shop_stone, nicolae_square_shop,
          nicolae_shop_temple_entry_statues_fountains
D:2:      layout_loops_ring, basic_altar
D:3:      layout_loops_cross, riverfiend_overflow_shadow_ancestor,
          kennysheep_okawaru_gauntlet, mainiacjoe_overflow_large_starburst,
          ebering_ghost_rock_garden, dreamdust_ecumenical_altar_drowned_temple,
          serial_shops, nicolae_shop_overgrown_old_shop, hangedman_glass_teeth,
          uniq_terence, uniq_natasha
D:4:      layout_gridville, lemuel_crystal_altar, ebering_ghost_sewer_d,
          chequers_jeans
D:5:      layout_basic, serial_shops, shop
D:6:      layout_loops_corners, mainiacjoe_overflow_surrounded_room,
          minmay_temple_entry_statues_fountains, gup_sewer_entry_pipe,
          minmay_misc_feat_roman

Skill      XL: |  1  2  3  4  5  6 |
---------------+-------------------+-----
Maces & Flails | 5 7 8 9 |  9.5
Fighting       | |  2.1
Slings         | |  0.1
Throwing       | |  2.4
Dodging        | |  3.6

Action                   |  1- 3 |  4- 6 |  7- 9 || total
-------------------------+-------+-------+-------++-------
Melee: Flail             |    63 |    89 |       ||   152
       Eveningstar       |       |    29 |    26 ||    55
       Punch             |       |       |     1 ||     1
 Fire: Hunting sling     |       |       |     2 ||     2
  Use: Potion            |     2 |       |     2 ||     4
       Scroll            |       |     7 |       ||     7
 Stab: Distracted        |     1 |     1 |       ||     2
Armor: Leather armour    |    11 |       |       ||    11
       Scale mail        |    11 |    90 |    10 ||   111
Dodge: Dodged            |    32 |    81 |    10 ||   123

Table legend: (Time is in decaauts)
 A = Elapsed time spent in this place.
 B = Non-inter-level travel time spent in this place.
 C = Inter-level travel time spent in this place.
 D = Time resting spent in this place.
 E = Time spent auto-exploring this place.
 F = Levels seen in this place.
 G = Mean time per level.
                   A        B        C        D        E       F      G
               +--------+--------+--------+--------+--------+-----+--------+
         Total |   3017 |   2746 |    271 |    736 |    604 |   6 |  502.8 |
       Dungeon |   3017 |   2746 |    271 |    736 |    604 |   6 |  502.8 |
               +--------+--------+--------+--------+--------+-----+--------+

Top non-repeatable levels by time:
     D:2: 832 daAuts
     D:3: 799 daAuts
     D:1: 579 daAuts
     D:5: 414 daAuts
     D:6: 279 daAuts
     D:4: 111 daAuts
